 Dungeon Crawl Stone Soup version 0.28.0-1-gb440e238dd (webtiles) character file.

Game seed: 7436021531799025303

42623 arthad the Arsonist (level 13, 0/110 HPs)
             Began as a Red Draconian Fire Elementalist on Feb 20, 2022.
             Was a High Priest of Vehumet.
             Slain by a dire elephant (26 damage)
             ... on level 15 of the Dungeon on Feb 21, 2022.
             The game lasted 01:56:51 (17803 turns).

arthad the Arsonist (DrFE)                         Turns: 17803, Time: 01:56:52

Health: 0/110      AC: 17    Str: 11    XL:     13   Next: 86%
Magic:  27/37      EV: 19    Int: 31    God:    Vehumet [*****.]
Gold:   1886       SH:  4    Dex: 14    Spells: 2/33 levels left

rFire   + + .      SeeInvis .   l - staff of fire
rCold   + . .      Faith    .   W - +0 buckler
rNeg    . . .      Spirit   .   (armour unavailable)
rPois   .          Reflect  .   k - +3 hat of Pondering {ponderous, Will+ MP+10 Int+5}
rElec   +          Harm     .   b - +3 cloak of Absence {Regen+ Dex+2}
rCorr   .          Rampage  .   (no gloves)
Will    +....                   j - +1 pair of boots of Supple Strength {rElec rC+}
Stlth   ++++......              T - amulet of magic regeneration
HPRegen 1.08/turn               h - +6 ring of intelligence
MPRegen 0.65/turn               y - +4 ring of evasion

@: lethally poisoned (0 -> -3), slow
A: breathe fire, AC +8, unfitting armour, fire resistance 1, cold-blooded
a: Breathe Fire, Renounce Religion


You were on level 15 of the Dungeon.
You worshipped Vehumet.
Vehumet was extremely pleased with you.
You visited 2 branches of the dungeon, and saw 16 of its levels.
You also visited: Sewer and Bailey.

You collected 2166 gold pieces.
You spent 280 gold pieces at shops.

Inventory:

Hand Weapons
 e - a +2 dagger of electrocution
 M - a +0 scimitar of flaming
 O - the +6 rapier "Coyny" {antimagic, Dex+3}
   (You found it on level 10 of the Dungeon)

   It reduces the magical energy of the wielder, and disrupts the spells and
   magical abilities of those it strikes.
   Natural abilities and divine invocations are not affected.
   Dex:       It affects your dexterity (+3).
 Z - a +1 arbalest of freezing
Missiles
 a - 5 datura-tipped darts
 i - 349 stones
 w - 18 sling bullets
 B - 29 poisoned darts
 D - 26 boomerangs
 P - 6 curare-tipped darts
Armour
 b - the +3 cloak of Absence (worn) {Regen+ Dex+2}
   (You acquired it on level 5 of the Dungeon)

   Dex:       It affects your dexterity (+2).
   Regen:     It increases your rate of health regeneration.
 j - the +1 pair of boots of Supple Strength (worn) {rElec rC+}
   (You acquired it in a sewer)

   rC:        It protects you from cold.
   rElec:     It insulates you from electricity.
 k - the +3 hat of Pondering (worn) {ponderous, Will+ MP+10 Int+5}
   (You took it off Gastronok on level 11 of the Dungeon)

   Int:       It affects your intelligence (+5).
   MP:        It affects your magic capacity (+10).
   Will:      It increases your willpower.
 K - a +2 pair of boots of flying
 V - a +0 kite shield
 W - a +0 buckler (worn)
Magical Staves
 l - a staff of fire (weapon)
 x - a staff of poison
 N - a staff of cold
Jewellery
 d - a ring of willpower
 h - a +6 ring of intelligence (left hand)
 r - a ring of protection from cold
 y - a +4 ring of evasion (right hand)
 T - an amulet of magic regeneration (around neck)
Wands
 c - a wand of flame (26)
 m - a wand of digging (10)
 E - a wand of mindburst (6)
 G - a wand of iceblast (6)
 Y - a wand of charming (4)
Scrolls
 o - 4 scrolls of teleportation
 p - a scroll of fog
 F - a scroll of silence
 H - a scroll of brand weapon
 J - a scroll of magic mapping
 Q - 9 scrolls of identify
 S - a scroll of fear
 X - a scroll of enchant weapon
Potions
 f - 5 potions of might
 g - 7 potions of curing
 n - 5 potions of lignification
 q - a potion of haste
 s - 3 potions of berserk rage
 t - 4 potions of brilliance
 u - 2 potions of attraction
 v - 2 potions of cancellation
 z - 6 potions of flight
 A - 2 potions of mutation
 C - a potion of ambrosia
 U - 2 potions of heal wounds


   Skills:
 + Level 8.8 Fighting
 + Level 7.9 Staves
 + Level 7.7 Dodging
 - Level 8.2 Stealth
 + Level 2.6 Shields
 * Level 10.9 Spellcasting
 + Level 8.8 Conjurations
 + Level 11.0 Fire Magic
 - Level 3.2 Air Magic
 - Level 4.0 Earth Magic
 - Level 5.1 Evocations


You had 2 spell levels left.
You knew the following spells:

 Your Spells              Type           Power      Damage    Failure   Level
a - Foxfire               Conj/Fire      100%       2x1d9     1%          1
b - Scorch                Fire           100%       2d10      1%          2
c - Sandblast             Erth           82%        2d17      1%          1
d - Conjure Flame         Conj/Fire      87%        6-21      1%          3
e - Inner Flame           Hex/Fire       66%        N/A       1%          3
f - Stone Arrow           Conj/Erth      100%       3d13      1%          3
g - Mephitic Cloud        Conj/Pois/Air  41%        N/A       1%          3
h - Flame Wave            Conj/Fire      87%        2d15      1%          4
i - Fireball              Conj/Fire      43%        3d17      1%          5
j - Starburst             Conj/Fire      43%        6d12      2%          6

Your spell library contained the following spells:

 Spells                   Type           Power      Damage    Failure   Level
 Airstrike                Air            18%        N/A       3%          4
 Passwall                 Tmut/Erth      24%        N/A       2%          2
 Dazzling Flash           Conj/Hex       88%        N/A       1%          3
 Ignite Poison            Fire/Tmut/Pois 56%        N/A       1%          3
 Iskenderun's Mystic Bla  Conj/Tloc      44%        2d10      1%          4
 Sticky Flame             Conj/Fire      87%        2d10      1%          4
 Frozen Ramparts          Ice            32%        1d5       3%          3
 Freezing Cloud           Conj/Ice/Air   20%        6-21      5%          5
 Animate Dead             Necr           8%         N/A       36%         4
 Ice Form                 Ice/Tmut       16%        N/A       36%         4
 Summon Ice Beast         Ice/Summ       16%        N/A       36%         4
 Borgnjor's Vile Clutch   Necr/Erth      14%        N/A       43%         5
 Death Channel            Necr           8%         N/A       99%         6


Dungeon Overview and Level Annotations

Branches:
Dungeon (15/15)            Temple (1/1) D:6            Lair (0/6) D:10
    Orc (0/2) D:9          Vaults (0/5) D:14          Sewer (visited)
 Bailey (visited)
 Depths: D:15

Altars:
Ashenzari
Cheibriados
Dithmenos
Elyvilon
Fedhas
Gozag
Hepliaklqana
Kikubaaqudgha
Makhleb
Nemelex Xobeh
Okawaru
Qazlal
Ru
Sif Muna
Trog
Uskayaw
Vehumet
Wu Jian
Xom
Yredelemnul
Zin
The Shining One

Shops:
D:9 ?   D:10 *

Portals:
Trove: D:13 (give 2 scrolls of acquirement)

Annotations:
D:13 exclusion: door


Innate Abilities, Weirdness & Mutations

You can breathe blasts of fire.
Your fiery red scales are hard. (AC +8)
You cannot fit into any form of body armour.
Your flesh is heat resistant. (rF+)
You are cold-blooded and may be slowed by cold attacks.


Message History

The flame wave engulfs the dire elephant.
The dire elephant is lightly wounded.
The flame wave engulfs the slime creature!
The slime creature is moderately wounded.
You finish channelling waves of flame.
You feel very sick.
You hear an angry hiss.
The slime creature is engulfed in a cloud of scalding steam.
The dire elephant is engulfed in a cloud of scalding steam.
The dire elephant misses you. The dire elephant trunk-slaps you.
Unknown command.
Unknown command.
Casting: Flame Wave (safe; 1% risk of failure)
Confirm with . or Enter, or press ? or * to list all spells.
Casting: Flame Wave (safe; 1% risk of failure)
Press: ? - help, Dir - look around, f - activate You feel a surge of power!
A wave of flame ripples out!
The flame wave engulfs the slime creature!!
The slime creature is heavily wounded.
The flame wave engulfs the dire elephant.
The dire elephant is lightly wounded. (Press . to intensify the flame waves.)
You feel very sick. The dire elephant tramples you!!
You hold your ground!
The dire elephant trunk-slaps you.
The slime creature is engulfed in a cloud of scalding steam.
The slime creature hits you!
* * * LOW HITPOINT WARNING * * *
The slime creature quivers.
Unknown command.
A wave of flame ripples out!
The flame wave engulfs the slime creature!!
The slime creature is almost dead.
The flame wave engulfs the dire elephant!
The dire elephant is lightly wounded.
The flame wave engulfs the slime creature!!
The slime creature is heavily wounded.
You feel very sick. The dire elephant tramples you!!
You die...

#.....
...###############.....
...............<.#..)..
################.#..)..
..............
################.###.#.
#..............#.# #...
#...#..#......#.###...
. #.§@####........#...
#§JY#..#.###########
#§§J#..#....# +###.#
###### #.D.## #.≈. #..Y
#.### .J#


You could see a dire elephant and 2 slime creatures.

Vanquished Creatures
  Gastronok (D:11)
  Snorg (D:11)
  Fannar (D:10)
  2 vault guards (D:14)
  A catoblepas (D:12)
  3 boulder beetles
  4 hydras
  7 centaur warriors
  Erica (D:10)
  3 two-headed ogres
  2 tengu warriors (D:14)
  A deep elf knight (D:14)
  Sonja (D:11)
  3 necromancers
  4 wizards
  2 deep elf pyromancers
  A wolf spider (D:15)
  3 cyclopes
  8 ugly things
  A manticore (D:15)
  3 unseen horrors
  A kobold demonologist (D:11)
  A freezing wraith (D:14)
  2 tengu conjurers (D:13)
  3 trolls
  3 hornets
  2 shadows
  3 vampires
  Sigmund (D:3)
  A centaur simulacrum (D:15)
  12 yaks
  3 wraiths
  2 basilisks (D:10)
  12 vampire mosquitoes
  3 wyverns
  16 humans (D:14)
  A two-headed ogre zombie (D:9)
  3 sky beasts
  6 orc warriors
  An ice beast (D:6)
  An ogre (D:5)
  2 necrophages
  7 centaurs
  2 phantoms
  4 bullfrogs
  4 kobold brigands
  3 scorpions
  A wyvern skeleton (D:7)
  A troll zombie (D:9)
  14 killer bees
  4 howler monkeys
  An electric eel (D:13)
  2 bullfrog zombies (D:6)
  2 hounds (D:4)
  5 centaur zombies
  2 jellies (D:5)
  A bullfrog skeleton (D:6)
  A centaur skeleton (D:7)
  10 orc priests
  11 orc wizards
  3 iguanas
  6 polar bear simulacra (D:12)
  3 yak simulacra (D:12)
  A wolf simulacrum (D:12)
  6 ogre zombies (D:9)
  Robin (D:2)
  10 adders
  5 gnolls
  A river rat (D:5)
  2 shadow imps
  2 white imps (D:8)
  An ufetubus (D:5)
  A worm (D:5)
  A dart slug (D:1)
  31 orcs
  11 ball pythons
  7 endoplasms
  A giant cockroach (D:3)
  15 goblins
  13 hobgoblins
  2 jackals (D:1)
  5 quokkas
  6 bats
  6 frilled lizards
  2 goblin skeletons (D:9)
  5 goblin zombies (D:9)
  2 hobgoblin skeletons (D:9)
  3 hobgoblin zombies (D:9)
  35 kobolds
  An orc skeleton (D:9)
  12 orc zombies (D:9)
  12 rats
  A river rat simulacrum (D:12)
420 creatures vanquished.

Vanquished Creatures (collateral kills)
  A foxfire (D:3)
1 creature vanquished.

Vanquished Creatures (others)
  An orc (D:10)
  1325 foxfires
  2 fungi (D:10)
  3 plants
1331 creatures vanquished.

Grand Total: 1752 creatures vanquished

Notes
Turn   | Place    | Note
-------+----------+-------------------------------------------
     0 | D:1      | arthad the Draconian Fire Elementalist began the quest for
                  | the Orb.
     0 | D:1      | Reached XP level 1. HP: 14/14 MP: 3/3
   424 | D:1      | Reached XP level 2. HP: 14/20 MP: 0/5
   566 | D:1      | Found a faded altar of an unknown god.
  1501 | D:2      | Noticed Robin
  1504 | D:2      | Reached XP level 3. HP: 23/27 MP: 1/6
  1541 | D:2      | Killed Robin
  1687 | D:2      | Learned a level 2 spell: Scorch
  1689 | D:2      | Learned a level 1 spell: Sandblast
  2059 | D:2      | Identified the +3 leather armour of Makhleb's Benevolence
                  | {-Cast Rampage rC- rCorr}
  2102 | D:2      | Reached XP level 4. HP: 34/34 MP: 2/7
  2633 | D:3      | Reached skill level 1 in Fighting
  3128 | D:3      | Noticed Sigmund
  3135 | D:3      | Killed Sigmund
  3136 | D:3      | Reached XP level 5. HP: 40/40 MP: 0/9
  3356 | D:4      | Reached skill level 1 in Earth Magic
  3359 | D:4      | Reached XP level 6. HP: 34/47 MP: 3/10
  3503 | D:4      | Reached skill level 1 in Staves
  3544 | D:4      | Reached skill level 4 in Fire Magic
  3956 | D:4      | Your scales start taking on a fiery red colour.
  3956 | D:4      | Reached skill level 5 in Fire Magic
  3956 | D:4      | Reached XP level 7. HP: 55/55 MP: 4/12
  3956 | D:4      | Gained mutation: Your flesh is heat resistant. (rF+) [Red
                  | Draconian growth]
  4169 | D:4      | Learned a level 3 spell: Conjure Flame
  4173 | D:4      | Learned a level 3 spell: Inner Flame
  4528 | D:5      | Entered Level 5 of the Dungeon
  4534 | D:5      | Identified a scroll of acquirement
  4534 | D:5      | Acquired the +3 cloak of Absence {Regen+ Dex+2}
  4558 | D:5      | Reached skill level 1 in Evocations
  4700 | D:5      | Found a glowing drain.
  4711 | Sewer    | Entered a sewer
  4848 | Sewer    | Acquired the +1 pair of boots of Supple Strength {rElec
                  | rC+}
  5178 | D:5      | Learned a level 3 spell: Stone Arrow
  5714 | D:6      | Reached XP level 8. HP: 57/62 MP: 6/14
  5797 | D:6      | Found a staircase to the Ecumenical Temple.
  5806 | Temple   | Entered the Ecumenical Temple
  6132 | Temple   | Became a worshipper of Vehumet
  6173 | D:6      | Reached skill level 6 in Fire Magic
  7208 | D:7      | Noticed a hornet
  7211 | D:7      | Paralysed by a hornet for 1 turns
  7391 | D:7      | Reached XP level 9. HP: 70/70 MP: 1/16
  7516 | D:6      | Paralysed by a hornet for 2 turns
  7525 | D:6      | Reached skill level 5 in Stealth
  7537 | D:6      | Learned a level 3 spell: Mephitic Cloud
  7618 | D:7      | Reached skill level 5 in Spellcasting
  7882 | D:7      | Reached * piety under Vehumet
  7882 | D:7      | Offered knowledge of Magic Dart by Vehumet.
  8244 | D:8      | Reached skill level 5 in Conjurations
  8579 | D:8      | Noticed a two-headed ogre
  8589 | D:8      | Paralysed by a hornet for 1 turns
  8592 | D:8      | Reached skill level 7 in Fire Magic
  8597 | D:8      | Killed a two-headed ogre
  9145 | D:9      | Found Ygigysyr's Magic Scroll Shoppe.
  9153 | D:9      | Reached XP level 10. HP: 80/80 MP: 11/18
  9353 | D:8      | Learned a level 4 spell: Flame Wave
  9511 | D:9      | Reached ** piety under Vehumet
  9523 | D:9      | Offered knowledge of Searing Ray by Vehumet.
  9837 | D:9      | Found a blossoming altar of Fedhas.
 10202 | D:9      | Offered knowledge of Poisonous Vapours by Vehumet.
 10296 | D:9      | Reached skill level 1 in Air Magic
 10361 | D:9      | Noticed a deep elf pyromancer
 10366 | D:9      | Killed a deep elf pyromancer
 10474 | D:9      | Bought a scroll of silence for 105 gold pieces
 10474 | D:9      | Bought a scroll of blinking for 105 gold pieces
 10474 | D:9      | Bought a scroll of identify for 28 gold pieces
 10474 | D:9      | Bought a scroll of teleportation for 42 gold pieces
 10547 | D:9      | Reached *** piety under Vehumet
 10561 | D:9      | Reached skill level 5 in Fighting
 10779 | D:9      | Found a staircase to the Orcish Mines.
 11305 | D:10     | Entered Level 10 of the Dungeon
 11314 | D:10     | Noticed Erica
 11314 | D:10     | Noticed a boulder beetle
 11443 | D:10     | Found Oqeu's Demolitions Depot.
 11499 | D:10     | Found a flagged portal.
 11508 | Bailey   | Entered a bailey
 11573 | Bailey   | Offered knowledge of Olgreb's Toxic Radiance by Vehumet.
 12035 | D:10     | Noticed a two-headed ogre
 12043 | D:10     | Killed a two-headed ogre
 12126 | D:10     | Reached XP level 11. HP: 88/88 MP: 14/21
 12129 | D:10     | Reached skill level 8 in Fire Magic
 12165 | D:10     | Killed Erica
 12204 | D:10     | Reached skill level 5 in Dodging
 12290 | D:10     | Killed a boulder beetle
 12398 | D:10     | Reached **** piety under Vehumet
 12552 | D:10     | Offered knowledge of Fireball by Vehumet.
 12709 | D:10     | Found a staircase to the Lair.
 12920 | D:10     | Noticed Fannar
 12942 | D:10     | Killed Fannar
 12943 | D:10     | Reached skill level 5 in Staves
 12947 | D:10     | Identified the +6 rapier "Coyny" {antimagic, Dex+3}
 13390 | D:11     | Noticed a seven-headed hydra
 13394 | D:11     | Noticed Sonja
 13398 | D:11     | Killed a seven-headed hydra
 13471 | D:11     | Noticed a sixfirhy
 13476 | D:11     | Killed Sonja
 13477 | D:11     | Reached skill level 5 in Evocations
 13549 | D:10     | Learned a level 5 spell: Fireball
 13557 | D:11     | Noticed Gastronok
 13575 | D:11     | Killed Gastronok
 13700 | D:11     | Noticed Snorg
 13709 | D:11     | Killed Snorg
 13920 | D:11     | Noticed a cyan ugly thing
 13934 | D:11     | Killed a cyan ugly thing
 13935 | D:11     | Reached XP level 12. HP: 96/96 MP: 22/24
 14273 | D:12     | Noticed a centaur warrior
 14283 | D:12     | Killed a centaur warrior
 14284 | D:12     | Reached skill level 9 in Fire Magic
 14285 | D:12     | Noticed a two-headed ogre
 14293 | D:12     | Killed a two-headed ogre
 14418 | D:12     | Noticed a catoblepas
 14433 | D:12     | Killed a catoblepas
 15100 | D:12     | Identified the +1 chain mail of Articulation {SInv}
 15222 | D:12     | Reached ***** piety under Vehumet
 15382 | D:13     | Noticed a centaur warrior
 15392 | D:13     | Killed a centaur warrior
 15618 | D:13     | Noticed a boulder beetle
 15646 | D:13     | Offered knowledge of Airstrike by Vehumet.
 15666 | D:13     | Noticed a boulder beetle
 15687 | D:13     | Noticed a centaur warrior
 15694 | D:13     | Killed a centaur warrior
 15759 | D:13     | Noticed a centaur warrior
 15764 | D:13     | Killed a boulder beetle
 15772 | D:13     | Killed a centaur warrior
 15984 | D:13     | Noticed a boulder beetle
 15998 | D:13     | Reached skill level 10 in Fire Magic
 16178 | D:13     | Killed a boulder beetle
 16403 | D:13     | Found a portal to a secret trove of treasure.
 16661 | D:14     | Reached XP level 13. HP: 107/107 MP: 26/26
 16993 | D:14     | Reached skill level 10 in Spellcasting
 17162 | D:14     | Learned a level 6 spell: Starburst
 17225 | D:14     | Reached skill level 1 in Shields
 17277 | D:14     | Identified the +6 mace "Agaorriwn" {antimagic, rC+ Int-3
                  | Dex+4}
 17381 | D:14     | Found a gate to the Vaults.
 17705 | D:15     | Entered Level 15 of the Dungeon
 17792 | D:15     | Noticed a dire elephant
 17800 | D:15     | Reached skill level 11 in Fire Magic
 17803 | D:15     | Slain by a dire elephant

Illustrated notes

Levels and vault maps discovered:
D:1:      dpeg_arrival_central, layout_loops_corners,
          hellmonk_ecumenical_altar_leap_of_faith, hangedman_decor_peaks_small
D:2:      layout_loops_ring, uniq_robin
D:3:      layout_rooms, uniq_sigmund
D:4:      layout_loops_cross
D:5:      layout_cave_pools, portal_sewer_entry_e
D:6:      layout_loops_ring, minmay_temple_entry_sparse_star
D:7:      layout_rooms, serial_bayou_crossing
D:8:      layout_loops_ring
D:9:      layout_basic, nicolae_overflow_crystal_walls, zombieorc2_lemuel,
          serial_shops, nicolae_shop_crystal
D:10:     layout_basic, david_lair_generic, enter_bailey_3,
          nicolae_blasting_shop, hangedman_abyss_or_decor_stagger, uniq_fannar,
          uniq_erica
D:11:     layout_big_octagon, hex_medium, uniq_gastronok, uniq_snorg, uniq_sonja
D:12:     layout_basic, eino_house_with_fridge
D:13:     layout_irregular_city, nicolae_trove_entry_isolated,
          nrook_pool_corridor
D:14:     layout_irregular_city, grunt_vaults_entry_tiered, nicolae_wwwww
D:15:     hangedman_depths_entry_try_elsewhere_first, layout_basic,
          chequers_serial_rivers_large_a, uniq_josephine
Temple:   regret_index_temple_sigil_plot

Skill      XL: |  1  2  3  4  5  6  7  8  9 10 11 12 13 |
---------------+----------------------------------------+-----
Stealth        | 2 3 4 6 7 8 |  8.2
Dodging        | 2 3 4 5 6 7 |  7.7
Fighting       | 1 2 3 4 5 6 7 8 |  8.8
Conjurations   | 2 3 4 5 6 7 8 |  8.8
Spellcasting   | 3 4 5 6 8 9 10 | 10.9
Earth Magic    | 1 2 3 4 |  4.0
Staves         | 1 2 3 4 5 6 7 |  7.9
Fire Magic     | 5 6 7 8 10 11 | 11.0
Evocations     | 1 2 3 4 5 |  5.1
Air Magic      | 1 3 |  3.2
Shields        | 2 |  2.6

Action                   |  1- 3 |  4- 6 |  7- 9 | 10-12 | 13-15 || total
-------------------------+-------+-------+-------+-------+-------++-------
Melee: Unarmed           |    53 |     2 |       |       |       ||    55
       Tailslap          |     7 |       |     3 |     9 |     1 ||    20
       Punch             |     4 |       |       |     1 |       ||     5
       Staff             |       |    12 |    41 |    68 |     3 ||   124
Throw: Dart              |       |     1 |       |     1 |       ||     2
 Cast: Foxfire           |    48 |    54 |   195 |   444 |    21 ||   762
       Scorch            |     4 |    17 |    47 |   154 |    40 ||   262
       Conjure Flame     |       |       |     2 |     6 |     2 ||    10
       Inner Flame       |       |       |     4 |     1 |       ||     5
       Stone Arrow       |       |       |     1 |    22 |     4 ||    27
       Flame Wave        |       |       |       |     9 |    15 ||    24
       Mephitic Cloud    |       |       |       |     2 |       ||     2
       Fireball          |       |       |       |     9 |     6 ||    15
       Starburst         |       |       |       |       |     1 ||     1
 Abil: Breathe Fire      |       |       |     2 |     8 |     2 ||    12
Evoke: Wand              |       |       |     1 |     1 |       ||     2
  Use: Potion            |     1 |       |     2 |     3 |       ||     6
       Scroll            |       |       |    10 |    16 |       ||    26
 Stab: Sleeping          |     1 |       |       |       |     1 ||     2
       Invisible         |       |       |       |     1 |       ||     1
Armor: Skin              |    25 |     7 |    85 |   171 |    41 ||   329
Dodge: Dodged            |    46 |    11 |    75 |   312 |    94 ||   538
Block: Buckler           |       |       |       |       |     5 ||     5
